 Seeded DCSS version 0.26-a0-1191-ge2a0e31ab3 (webtiles) character file.

Game seed: 3165166927895876312 (custom seed)

37 muata the Skirmisher (level 3, -1/33 HPs)
             Began as a Draconian Fighter on Dec 29, 2020.
             Slain by Sigmund
             ... wielding a +0 scythe
              (4 damage)
             ... on level 2 of the Dungeon.
             The game lasted 00:03:06 (926 turns).

muata the Skirmisher (Draconian Fighter)             Turns: 926, Time: 00:03:06

Health: -1/33      AC:  5    Str: 19    XL:     3   Next: 21%
Magic:  3/3        EV: 10    Int:  8    God:
Gold:   21         SH:  9    Dex: 10    Spells: 2/2 levels left

rFire    . . .     SeeInvis .   a - +0 war axe
rCold    . . .     Faith    .   b - +0 kite shield
rNeg     . . .     Spirit   .   (armour unavailable)
rPois    .         Reflect  .   (helmet restricted)
rElec    .         Harm     .   (no cloak)
rCorr    .         Rampage  .   (no gloves)
Will     .....                  (no boots)
Stlth    +.........             (no amulet)
HPRegen  0.11/turn              (no ring)
MPRegen  0.08/turn              (no ring)

@: no status effects
A: unfitting armour, cold-blooded, AC +5
a: no special abilities


You were on level 2 of the Dungeon.
You visited 1 branch of the dungeon, and saw 2 of its levels.

You collected 21 gold pieces.

Inventory:

Hand Weapons
 a - a +0 war axe (weapon)
Missiles
 f - 21 poisoned darts (quivered)
 l - 7 curare-tipped darts
Armour
 b - a +0 kite shield (worn)
 i - a +0 ring mail
Scrolls
 d - 2 scrolls of fear {unknown}
 g - 3 scrolls of identify {unknown}
 h - a scroll of remove curse {unknown}
Potions
 c - 3 potions of might
 e - a potion of ambrosia {unknown}
 j - a potion of invisibility {unknown}
 k - a potion of haste {unknown}


   Skills:
 + Level 3.8 Fighting
 + Level 2.6 Axes
 - Level 2.6 Dodging
 + Level 3.5 Shields


You had 2 spell levels left.
You didn't know any spells.
Your spell library was empty.

Dungeon Overview and Level Annotations

Branches:
Dungeon (2/15)

Altars:

Annotations:
D:2 Sigmund


Innate Abilities, Weirdness & Mutations

Your plain brown scales are hard. (AC +5)
You cannot fit into any form of body armour.
You are cold-blooded and may be slowed by cold attacks.


Message History

The rat is severely wounded.
You block the rat's attack. Something hits you. The rat closely misses you.
You hit the rat.
You kill the rat!
Something hits you.
You hit the goblin.
You kill the goblin!
You block the bat's attack. The bat hits you but does no damage.
Something hits you!
You miss the bat.
Your tail-slap misses the bat.
You block the bat's attack. You block something's attack.
The bat hits you but does no damage.
You hit the bat.
The bat is moderately wounded.
The bat hits you. You block the bat's attack. Something hits you!
* * * LOW HITPOINT WARNING * * *
You block the bat's attack.
You miss the bat. You tail-slap the bat.
The bat is heavily wounded.
You block the bat's attack. The bat closely misses you. Something hits you.
You die...

.....
#......########.#
#####.
#.......)...(#.##
#.####...####.##
...# #...# ###
########...###
#.......#
######.##.##.#
#.........##.#
###@#####†#
#b#####.#
#l{.....##
##.......#
b........##..#
.........##..#
######.........
#.......##.
##..###.# #


You could see a bat and a frilled lizard.

Vanquished Creatures
  An ooze (D:2)
  A leopard gecko (D:1)
  2 giant cockroaches (D:1)
  A goblin (D:2)
  4 hobgoblins
  7 jackals (D:1)
  4 kobolds
  3 bats (D:1)
  2 frilled lizards (D:1)
  4 rats
29 creatures vanquished.

Notes
Turn   | Place    | Note
-------+----------+-------------------------------------------
     0 | D:1      | muata the Draconian Fighter began the quest for the Orb.
     0 | D:1      | Reached XP level 1. HP: 19/19 MP: 1/1
   172 | D:1      | Reached XP level 2. HP: 24/26 MP: 2/2
   828 | D:2      | Reached XP level 3. HP: 33/33 MP: 3/3
   914 | D:2      | Noticed Sigmund
   926 | D:2      | Slain by Sigmund

Illustrated notes

Levels and vault maps discovered:
D:1:      saegor_arrival_simple_b, layout_basic
D:2:      layout_loops_cross, minivault_11, tgw_trog, uniq_sigmund

Action                   || total
-------------------------++-------
Melee: War axe           ||    84
       Tailslap          ||     4
Armor: Skin              ||    27
Dodge: Dodged            ||    55
Block: Kite shield       ||    52

Table legend: (Time is in decaauts)
 A = Elapsed time spent in this place.
 B = Non-inter-level travel time spent in this place.
 C = Inter-level travel time spent in this place.
 D = Time resting spent in this place.
 E = Time spent auto-exploring this place.
 F = Levels seen in this place.
 G = Mean time per level.
                   A        B        C        D        E       F      G
               +--------+--------+--------+--------+--------+-----+--------+
         Total |    964 |    964 |      0 |     83 |    594 |   2 |  482.0 |
       Dungeon |    964 |    964 |      0 |     83 |    594 |   2 |  482.0 |
               +--------+--------+--------+--------+--------+-----+--------+

Top non-repeatable levels by time:
     D:1: 833 daAuts
     D:2: 130 daAuts
